AoeStats
← trashmiscellaneous

Arabia

506112384Analyzed
1v1 RM · 18d ago on Sep 12, 2026· 50m 7s· 2 players
Game mode
Random Map
Map size
Tiny (2 player)
Population
200
Speed
Normal
Resources
Standard
Victory
Conquest
Starting age
Dark Age
Ending age
Imperial Age
RankedLock teamsTeams togetherTeam positionsShared explorationLock speedFull tech treeHidden civsTurbo modeCheats
Victory
Defeat
🇸🇪 Inca · Sweden
681
+15
🇦🇺 Spanish · Australia
653
-30
trashmiscellaneous
9:59 Feudal Age
10:36 Town Watch
12:30 Double-Bit Axe
13:39 Wheelbarrow
13:14 Horse Collar
14:17 Stone Mining
14:19 Gold Mining
24:22 Castle Age
24:28 Castle Age
22:15 Loom
25:35 Town Patrol
27:00 Stone Shaft Mining
26:43 Bow Saw
26:53 Murder Holes
28:50 Fortified Wall
35:50 Imperial Age
35:01 Ballistics
49:33 Husbandry
50:01 Bloodlines
KÄSE
10:27 Feudal Age
16:16 Castle Age
14:31 Horse Collar
17:14 Wheelbarrow
16:29 Loom
17:38 Double-Bit Axe
18:36 Fletching
18:56 Heavy Plow
20:47 Bow Saw
23:37 Elite Skirmisher
24:23 Padded Archer Armor
25:24 Town Watch
27:39 Leather Archer Armor
27:52 Gold Mining
29:10 Bodkin Arrow
29:26 Forging
29:16 Scale Mail Armor
29:50 Stone Mining
32:24 Chain Mail Armor
33:55 Ballistics
34:12 Iron Casting
36:52 Imperial Age
36:01 Pikeman
36:42 Squires
36:37 Arson
37:03 Elite Kamayuk
39:53 Capped Ram
41:54 Bracer
42:28 Plate Mail Armor
43:01 Blast Furnace
48:33 Spies/Treason
48:55 Spies/Treason
Connection lost

Rejoining the realm…

Still unreachable

The connection could not be restored.

Session expired

The server has moved on; the page needs a fresh start.